 Dungeon Crawl Stone Soup version 0.32-a0-120-gfac0567ad4 (webtiles) character file.

Game seed: 12813368147925550442

47 AlmostDecent the Grasshopper (level 3, 0/39 HPs)
             Began as a Gnoll Wanderer on Feb 6, 2024.
             Succumbed to an adder's poison
             ... on level 2 of the Dungeon on Feb 7, 2024.
             The game lasted 00:04:35 (984 turns).

AlmostDecent the Grasshopper (Gnoll Wanderer)        Turns: 984, Time: 00:04:35

Health: 0/39       AC:  3    Str: 10    XL:     3   Next: 70%
Magic:  9/9        EV: 13    Int: 14    God:
Gold:   46         SH:  0    Dex: 17    Spells: 8/12 levels left

rFire   . . .        f - +1 flail (heavy)
rCold   . . .        (no shield)
rNeg    . . .        c - +0 robe
rPois   .            (no helmet)
rElec   .            d - +0 cloak
rCorr   .            (no gloves)
SInv    .            (no boots)
Will    .....        (no amulet) Stlth
                     h - +6 ring of dexterity
HPRegen 0.26/turn    (no ring)
MPRegen 0.11/turn

%: no passive effects
@: berserking, lethally poisoned (0 -> -1), very quick
A: fangs 1, strong nose, distributed training
a: no special abilities


You were on level 2 of the Dungeon.
You visited 1 branch of the dungeon, and saw 2 of its levels.

You collected 46 gold pieces.

Inventory:

Hand Weapons
 a - a +0 dagger
 f - a +1 heavy flail (weapon)
Armour
 c - a +0 robe (worn)
 d - a +0 cloak (worn)
Jewellery
 h - a +6 ring of dexterity (left hand)
Scrolls
 b - a scroll of teleportation
 j - a scroll of vulnerability {unknown}
Potions
 g - a potion of haste {unknown}
 i - a potion of invisibility {unknown}
 k - a potion of attraction {unknown}


   Skills:
 + Level 1.0 Fighting
 + Level 1.0 Short Blades
 + Level 1.0 Long Blades
 + Level 1.0 Axes
 + Level 1.0 Maces & Flails
 + Level 1.0 Polearms
 + Level 1.0 Staves
 + Level 1.0 Ranged Weapons
 + Level 1.0 Throwing
 + Level 1.0 Armour
 + Level 2.6 Dodging
 + Level 4.2 Stealth
 + Level 1.0 Shields
 + Level 1.0 Unarmed Combat
 + Level 5.0 Spellcasting
 + Level 0.7 Conjurations
 + Level 0.7 Hexes
 + Level 0.7 Summonings
 + Level 0.7 Necromancy
 + Level 5.4 Translocations
 + Level 0.7 Fire Magic
 + Level 3.8 Ice Magic
 + Level 0.7 Air Magic
 + Level 0.7 Earth Magic
 + Level 0.7 Alchemy
 + Level 1.0 Invocations
 + Level 1.0 Evocations
 + Level 0.8 Shapeshifting


You had 8 spell levels left.
You knew the following spells:

 Your Spells              Type           Power      Damage    Failure   Level
a - Freeze                Ice            56%        1d7       3%          1
b - Frozen Ramparts       Ice            28%        1d5       11%         3

Your spell library contained the following spells:

 Spells                   Type           Power      Damage    Failure   Level
 Apportation              Tloc           36%        N/A       1%          1
 Gell's Gravitas          Tloc           18%        N/A       5%          3
 Teleport Other           Tloc           18%        N/A       5%          3
 Momentum Strike          Conj/Tloc      24%        3d8       8%          2
 Iskenderun's Mystic Bla  Conj/Tloc      12%        2d5       43%         4
 Dispersal                Tloc           9%         N/A       96%         6


Dungeon Overview and Level Annotations

Branches:
Dungeon (2/15)

Altars:


Innate Abilities, Weirdness & Mutations

You have very sharp teeth.
Your uncanny sense of smell can sniff out nearby items.
Your experience applies equally to all skills.


Message History

You closely miss the adder. The adder bites you.
You are poisoned.
The adder poisons you! The hobgoblin completely misses you.
The adder barely misses you. The hobgoblin hits you.
The adder barely misses you.
You are too injured to fight recklessly!
You feel sick.
You feel sick. The adder attacks as it pursues you! The adder bites you.
* * * LOW HITPOINT WARNING * * *
You are lethally poisoned!
The adder poisons you!
The hobgoblin attacks as it pursues you!
The hobgoblin closely misses you.
It was a potion of berserk rage.
A red film seems to cover your vision as you go berserk!
You feel yourself moving faster!
You feel mighty!
* * * LOW HITPOINT WARNING * * *
You feel sick. The adder misses you. The hobgoblin closely misses you.
The adder closely misses you.
You are too berserk!
You are too berserk!
You are too berserk!
You closely miss the adder.
You feel sick. The hobgoblin hits you.
* * * LOW HITPOINT WARNING * * *
The adder bites you but does no damage.
You closely miss the adder. Your bite misses the adder.
* * * LOW HITPOINT WARNING * * *
You feel sick. The adder barely misses you. The hobgoblin misses you.
The adder closely misses you.
You barely miss the adder.
* * * LOW HITPOINT WARNING * * *
You feel sick. The hobgoblin hits you.
* * * LOW HITPOINT WARNING * * *
The adder misses you.
The hobgoblin hits you but does no damage.
You are too berserk!
You are too berserk!
Unknown command.
You completely miss the adder.
You die...

##.............>..###....
......................###
.............##.#......
............##...#####
#................##
#.............##..##
#....>......#.###..##
#..gS.......#...##...
#.##@##.#...###.##### #.
#.##.#.#...#.##### .
#.##.#.###.#...... #.
..##.#.# #.†###### .
####.#.# ##....... ..
#...# #....... .....
........ ### ########


You could see an adder and a hobgoblin.

Vanquished Creatures
  An adder (D:2)
  A dart slug (D:1)
  A ribbon worm (D:2)
  A ball python (D:1)
  6 endoplasms
  A giant cockroach (D:1)
  A goblin (D:1)
  4 hobgoblins
  3 jackals (D:1)
  A quokka (D:2)
  4 bats
  A frilled lizard (D:1)
  2 kobolds (D:1)
  3 rats
30 creatures vanquished.

Notes
Turn   | Place    | Note
-------+----------+-------------------------------------------
     0 | D:1      | AlmostDecent the Gnoll Wanderer began the quest for the
                  | Orb.
     0 | D:1      | AlmostDecent set off with the following items: a +0 dagger,
                  | a scroll of teleportation, a +0 robe, a +0 cloak; and the
                  | following spells available to memorise: Apportation,
                  | Freeze, Momentum Strike, Frozen Ramparts, Iskenderun's
                  | Mystic Blast.
     0 | D:1      | Reached XP level 1. HP: 13/13 MP: 6/6
     2 | D:1      | Learned a level 1 spell: Freeze
   425 | D:1      | Reached XP level 2. HP: 19/19 MP: 7/7
   624 | D:1      | Reached skill level 5 in Spellcasting
   624 | D:1      | Reached XP level 3. HP: 13/25 MP: 5/9
   843 | D:2      | Reached skill level 1 in Invocations
   956 | D:2      | Learned a level 3 spell: Frozen Ramparts
   971 | D:2      | Reached skill level 1 in Fighting
   971 | D:2      | Reached skill level 1 in Short Blades
   971 | D:2      | Reached skill level 1 in Long Blades
   971 | D:2      | Reached skill level 1 in Axes
   971 | D:2      | Reached skill level 1 in Maces & Flails
   971 | D:2      | Reached skill level 1 in Polearms
   971 | D:2      | Reached skill level 1 in Staves
   971 | D:2      | Reached skill level 1 in Ranged Weapons
   971 | D:2      | Reached skill level 1 in Throwing
   971 | D:2      | Reached skill level 1 in Armour
   971 | D:2      | Reached skill level 1 in Shields
   971 | D:2      | Reached skill level 1 in Unarmed Combat
   971 | D:2      | Reached skill level 1 in Evocations
   983 | D:2      | HP: 1/39 [hobgoblin (1)]
   984 | D:2      | Succumbed to an adder's poison

Illustrated notes

Levels and vault maps discovered:
D:1:      scummos_arrival_forest, layout_loops_ring, minmay_3d_cube
D:2:      layout_rooms

Skill      XL: |  1  2  3 |
---------------+----------+-----
Spellcasting   | 5 |  5.0
Invocations    | 1 |  1.0
Fighting       | 1 |  1.0
Short Blades   | 1 |  1.0
Long Blades    | 1 |  1.0
Axes           | 1 |  1.0
Maces & Flails | 1 |  1.0
Polearms       | 1 |  1.0
Staves         | 1 |  1.0
Ranged Weapons | 1 |  1.0
Throwing       | 1 |  1.0
Armour         | 1 |  1.0
Shields        | 1 |  1.0
Unarmed Combat | 1 |  1.0
Evocations     | 1 |  1.0
Dodging        | |  2.6
Stealth        | |  4.2
Conjurations   | |  0.7
Hexes          | |  0.7
Summonings     | |  0.7
Necromancy     | |  0.7
Translocations | |  5.4
Fire Magic     | |  0.7
Ice Magic      | |  3.8
Air Magic      | |  0.7
Earth Magic    | |  0.7
Alchemy        | |  0.7
Shapeshifting  | |  0.8

Action                     || total
---------------------------++-------
  Melee: Flail             ||    59
         Punch             ||     1
         Bite              ||     1
   Cast: Freeze            ||     4
    Use: Potion            ||     1
   Stab: Sleeping          ||     8
 Armour: Robe              ||    56
  Dodge: Dodged            ||    75

Table legend: (Time is in decaauts)
 A = Elapsed time spent in this place.
 B = Non-inter-level travel time spent in this place.
 C = Inter-level travel time spent in this place.
 D = Time resting spent in this place.
 E = Time spent auto-exploring this place.
 F = Levels seen in this place.
 G = Mean time per level.
                   A        B        C        D        E       F      G
               +--------+--------+--------+--------+--------+-----+--------+
         Total |   1041 |    995 |     46 |      0 |    757 |   2 |  520.5 |
       Dungeon |   1041 |    995 |     46 |      0 |    757 |   2 |  520.5 |
               +--------+--------+--------+--------+--------+-----+--------+

Top non-repeatable levels by time:
     D:1: 847 daAuts
     D:2: 194 daAuts
